 Dungeon Crawl Stone Soup version 0.19.5 (webtiles) character file.

523 Monsterracer the Destroyer (level 7, -2/36 HPs)
             Began as a Deep Elf Conjurer on Apr 14, 2017.
             Slain by Duvessa
             ... wielding a +0 short sword
              (9 damage)
             ... on level 5 of the Dungeon.
             The game lasted 00:10:02 (3823 turns).

Monsterracer the Destroyer (Deep Elf Conjurer)      Turns: 3823, Time: 00:10:03

Health: -2/36      AC:  5    Str:  5    XL:     7   Next: 2%
Magic:  2/13       EV: 13    Int: 26    God:
Gold:   124        SH:  0    Dex: 15    Spells: 4 memorised, 1 level left

rFire  . . .     SeeInvis +     l - +3 quarterstaff (chaos)
rCold  . . .     Gourm    .     a - +0 robe
rNeg   . . .     Faith    +     (shield currently unavailable)
rPois  .         Spirit   .     (no helmet)
rElec  .         Reflect  .     p - +2 cloak
rCorr  .         Harm     .     (no gloves)
MR     .....                    (no boots)
Stlth  ++........               e - amulet of faith
                                (no ring)
                                f - ring of Moderation {Int+4 SInv}

@: no status effects
A: no striking features
a: no special abilities


You were on level 5 of the Dungeon.
You were not hungry.

You visited 1 branch of the dungeon, and saw 5 of its levels.

You collected 124 gold pieces.

Inventory:

Hand Weapons
 l - a +3 quarterstaff of chaos (weapon)
Armour
 a - a +0 robe (worn)
 p - a +2 cloak (worn)
Jewellery
 e - an amulet of faith (around neck)
 f - the ring of Moderation (left hand) {Int+4 SInv}
   (You acquired it on level 5 of the Dungeon)

   [ring of see invisible]

   It affects your intelligence (+4).
   It lets you see invisible.
Wands
 d - a wand of polymorph (11/24)
Scrolls
 g - a scroll of enchant weapon
 i - a scroll of recharging
 k - 2 scrolls of identify
Potions
 h - a potion of cancellation
Books
 b - a book of Conjurations

   Spells                             Type                      Level
   a - Magic Dart                     Conjuration                  1
   b - Searing Ray                    Conjuration                  2
   c - Dazzling Spray                 Conjuration/Hexes            3
   d - Fulminant Prism                Conjuration/Hexes            4
   e - Iskenderun's Mystic Blast      Conjuration                  4
   f - Iskenderun's Battlesphere      Conjuration/Charms           5
Comestibles
 c - 3 bread rations
 m - a fruit


   Skills:
 - Level 2.4 Dodging
 - Level 2.4 Stealth
 - Level 3.0 Spellcasting
 * Level 8.9 Conjurations
 + Level 3.0 Charms


You had one spell level left.
You knew the following spells:

 Your Spells              Type           Power        Failure   Level  Hunger
a - Magic Dart            Conj           ####         1%          1    None
b - Searing Ray           Conj           ######       1%          2    ##.....
c - Dazzling Spray        Conj/Hex       ####..       6%          3    ###....
d - Iskenderun's Battles  Conj/Chrm      #####...     24%         5    ######.


Dungeon Overview and Level Annotations

Branches:
Dungeon (5/15)
 Temple: D:4-7

Altars:
Ashenzari
Elyvilon
Hepliaklqana
Kikubaaqudgha
Makhleb
Uskayaw
Xom
Yredelemnul

Annotations:
D:5 Duvessa


Message History

The searing ray hits Duvessa.
Duvessa is lightly wounded. (Press . to maintain the ray.)
The searing ray hits Duvessa.
Duvessa is lightly wounded.
Duvessa hits you with a short sword!!
Ouch! That really hurt!
The searing ray hits Duvessa.
Duvessa is moderately wounded.
Duvessa barely misses you.
The searing ray hits Duvessa.
Duvessa is heavily wounded.
You finish channeling your searing ray.
Duvessa hits you but does no damage. Duvessa misses you.
Duvessa hits you with a short sword. Duvessa hits you but does no damage.
Duvessa hits you with a short sword!
* * * LOW HITPOINT WARNING * * *
Duvessa hits you with a short sword!
You die...

####### . #.....# ...
#.....##########..!..
#.<...##.....>..>)...
#(..@e......####.....
#.........### ...
#......#### .
#.......## ...#.....#
##.......# ##......#
####.### ..


You could see Duvessa (berserk).

Vanquished Creatures
  Sigmund (D:3)
  A centaur (D:4)
  Dowan (D:5)
  A howler monkey (D:4)
  Crazy Yiuf (D:3)
  Jessica (D:2)
  Ijyb (D:3)
  2 worker ants (D:4)
  An adder (D:2)
  2 worms (D:2)
  2 dart slugs
  A leopard gecko (D:3)
  An orc (D:3)
  A ball python (D:2)
  12 bats
  5 giant cockroaches
  3 goblins
  9 hobgoblins
  5 kobolds
  2 quokkas
  4 frilled lizards
  5 rats
62 creatures vanquished.

Notes
Turn   | Place    | Note
-------+----------+-------------------------------------------
     0 | D:1      | Monsterracer the Deep Elf Conjurer began the quest for the Orb.
     0 | D:1      | Reached XP level 1. HP: 10/10 MP: 6/6
   268 | D:1      | Reached XP level 2. HP: 15/15 MP: 4/8
   273 | D:1      | Learned a level 2 spell: Searing Ray
   449 | D:1      | Reached skill level 5 in Conjurations
   829 | D:2      | Noticed Jessica
   832 | D:2      | Killed Jessica
   832 | D:2      | Reached XP level 3. HP: 19/19 MP: 3/9
   862 | D:1      | Learned a level 3 spell: Dazzling Spray
  1186 | D:2      | Reached skill level 6 in Conjurations
  1460 | D:2      | Reached XP level 4. HP: 24/24 MP: 7/10
  1497 | D:2      | Found a shimmering altar of Xom.
  1499 | D:2      | Found a white marble altar of Elyvilon.
  1676 | D:3      | Noticed Ijyb
  1680 | D:3      | Killed Ijyb
  1980 | D:3      | Noticed Sigmund
  2442 | D:3      | Killed Sigmund
  2442 | D:3      | Reached skill level 8 in Conjurations
  2442 | D:3      | Reached XP level 5. HP: 23/28 MP: 0/11
  2442 | D:3      | Reached XP level 6. HP: 26/32 MP: 0/12
  2449 | D:3      | Learned a level 5 spell: Iskenderun's Battlesphere
  2608 | D:3      | Found a runed door.
  2703 | D:3      | Found a hazy altar of Hepliaklqana.
  2859 | D:2      | Found an ancient bone altar of Kikubaaqudgha.
  2859 | D:2      | Found a shattered altar of Ashenzari.
  3042 | D:3      | Noticed Crazy Yiuf
  3046 | D:3      | Killed Crazy Yiuf
  3180 | D:4      | Reached skill level 1 in Charms
  3493 | D:4      | Found a burning altar of Makhleb.
  3495 | D:4      | Found a hide-covered altar of Uskayaw.
  3497 | D:4      | Found a basalt altar of Yredelemnul.
  3755 | D:5      | Entered Level 5 of the Dungeon
  3791 | D:5      | Identified a scroll of acquirement
  3794 | D:5      | Got a translucent wooden ring
  3795 | D:5      | Identified the ring of Moderation {Int+4 SInv} (You acquired it on level 5 of the Dungeon)
  3804 | D:5      | Noticed Dowan
  3808 | D:5      | Noticed Duvessa
  3808 | D:5      | Killed Dowan
  3808 | D:5      | Reached XP level 7. HP: 36/36 MP: 7/13
  3823 | D:5      | Slain by Duvessa

Skill      XL: |  1  2  3  4  5  6 |
---------------+-------------------+-----
Conjurations   | 5 6 8 |  8.9
Charms         | 3 |  3.0
Dodging        | |  2.4
Stealth        | |  2.4
Spellcasting   | |  3.0

Action                   |  1- 3 |  4- 6 |  7- 9 || total
-------------------------+-------+-------+-------++-------
Melee: Short sword       |     1 |       |       ||     1
 Cast: Magic Dart        |    55 |    59 |     1 ||   115
       Searing Ray       |     2 |    11 |     2 ||    15
       Dazzling Spray    |     1 |       |       ||     1
  Use: Potion            |     2 |     2 |       ||     4
       Scroll            |       |    10 |       ||    10
  Eat: Chunk             |     2 |     6 |       ||     8
       Fruit             |       |     1 |       ||     1
Armor: Robe              |     1 |     3 |     2 ||     6
Dodge: Dodged            |     6 |     7 |     2 ||    15
